 Dungeon Crawl Stone Soup version 0.23-b1-49-g13d5857 (webtiles) character file.

Game seed: 16039124450627646866

823 Kairos the Chopper (level 7, 0/36 HPs)
             Began as a Vine Stalker Fighter on Feb 3, 2019.
             Was a Follower of the Shining One.
             Succumbed to a water moccasin's poison
             ... on level 6 of the Dungeon.
             The game lasted 00:05:18 (4659 turns).

Kairos the Chopper (Vine Stalker Fighter)           Turns: 4659, Time: 00:05:18

Health: 0/36       AC: 12    Str: 20    XL:     7   Next: 96%
Magic:  6/8        EV:  5    Int:  8    God:    the Shining One [*.....]
Gold:   390        SH: 10    Dex: 19    Spells: 6/6 levels left

rFire    . . .     SeeInvis .   h - +1 hand axe (chop)
rCold    . . .     Gourm    .   c - +0 shield
rNeg     . . .     Faith    .   q - +0 chain mail
rPois    +         Spirit   +   (no helmet)
rElec    .         Reflect  .   s - +0 cloak
rCorr    .         Harm     .   (no gloves)
MR       .....                  y - +0 pair of boots "Gucociuqu" {rPois}
Stlth    ..........             (no amulet)
HPRegen  0.52/turn              x - +5 ring of dexterity
MPRegen  0.11/turn              (no ring)

@: lethally poisoned (0 -> -3), glowing
A: fangs 2, regeneration 1, magic shield, antimagic bite, no potion heal 3, rot
immunity
a: Renounce Religion


You were on level 6 of the Dungeon.
You worshipped the Shining One.
The Shining One was aware of your devotion.
You were not hungry.

You visited 1 branch of the dungeon, and saw 6 of its levels.

You collected 390 gold pieces.

Inventory:

Hand Weapons
 a - a +0 war axe
 h - a +1 hand axe of chopping (weapon)
Armour
 c - a +0 shield (worn)
 q - a +0 chain mail (worn)
 s - a +0 cloak (worn)
 y - the +0 pair of boots "Gucociuqu" (worn) {rPois}
   (You found it on level 4 of the Dungeon)

   It protects you from poison.
Jewellery
 k - an uncursed ring of fire
 x - a +5 ring of dexterity (left hand)
Wands
 o - a wand of acid (6)
Scrolls
 i - a scroll of magic mapping
 j - 4 scrolls of fear
 n - 4 scrolls of identify
 p - a scroll of amnesia
 t - 2 scrolls of teleportation
Potions
 b - a potion of resistance {unknown}
 d - 2 potions of might
 e - 3 potions of curing
 g - a potion of haste {unknown}
 l - 5 potions of lignification {unknown}
 m - a potion of magic {unknown}
 r - a potion of agility {unknown}
 v - a potion of flight {unknown}
 w - a potion of mutation {unknown}
Comestibles
 f - 10 rations


   Skills:
 + Level 3.6 Fighting
 + Level 5.3 Axes
 + Level 4.5 Armour
 + Level 0.6 Dodging
 + Level 1.9 Stealth
 + Level 3.9 Shields


You had 6 spell levels left.
You didn't know any spells.
Your spell library was empty.

Dungeon Overview and Level Annotations

Branches:
Dungeon (6/15)             Temple (0/1) D:4

Altars:
Fedhas
Makhleb
Okawaru
Trog
Zin
The Shining One


Innate Abilities, Weirdness & Mutations

You have extremely sharp teeth.
Your natural rate of healing is unusually fast.
When hurt, damage is shared between your health and your magic reserves.
Your bite disrupts and absorbs the magic of your enemies.
Potions cannot restore your health.
You are immune to rotting.


Message History

The water moccasin is almost dead.
* * * LOW HITPOINT WARNING * * *
You feel sick. The water moccasin bites you.
* * * LOW HITPOINT WARNING * * *
The water moccasin barely misses you.
You slash the water moccasin!
You kill the water moccasin!
* * * LOW HITPOINT WARNING * * *
You feel sick.
* * * LOW HITPOINT WARNING * * *
You feel sick.
There is a lethal amount of poison in your body!
There is a lethal amount of poison in your body!
* * * LOW HITPOINT WARNING * * *
You feel sick.
* * * LOW HITPOINT WARNING * * *
You feel sick.
* * * LOW HITPOINT WARNING * * *
You feel sick.
You die...

##+##
##<..##
##.....##
#...@...#
#.........#
###
+.........+
##..
#.........#
##..♣
##.......##
#....
##.....##
#....
##...##
#..>. ##+##
#.... #....


There were no monsters in sight!

Vanquished Creatures
  A water moccasin (D:6)
  An ogre (D:6)
  A centaur (D:5)
  A crimson imp (D:5)
  A hound (D:5)
  Crazy Yiuf (D:2)
  An orc priest (D:5)
  An iguana (D:4)
  An orc wizard (D:6)
  2 worker ants (D:4)
  A howler monkey zombie (D:5)
  16 gnolls
  8 adders
  A shadow imp (D:6)
  An ooze (D:4)
  A worm (D:5)
  2 leopard geckos
  10 orcs
  3 ball pythons
  6 bats
  2 giant cockroaches (D:3)
  7 hobgoblins
  4 jackals
  6 frilled lizards
  3 goblins
  5 kobolds
  4 rats
91 creatures vanquished.

Notes
Turn   | Place    | Note
-------+----------+-------------------------------------------
     0 | D:1      | Kairos the Vine Stalker Fighter began the quest for the
                  | Orb.
     0 | D:1      | Reached XP level 1. HP: 11/11 MP: 2/2
   220 | D:1      | Reached XP level 2. HP: 7/16 MP: 1/3
   676 | D:1      | Reached skill level 2 in Axes
   945 | D:2      | Reached XP level 3. HP: 14/20 MP: 4/4
  1270 | D:2      | Gained mutation: Your natural rate of healing is unusually
                  | fast. [Vine Stalker growth]
  1270 | D:2      | Reached XP level 4. HP: 10/24 MP: 2/5
  1346 | D:2      | Found a runed translucent door.
  1347 | D:2      | Noticed Crazy Yiuf
  1541 | D:2      | Killed Crazy Yiuf
  1541 | D:2      | Reached skill level 3 in Axes
  1777 | D:3      | Reached XP level 5. HP: 8/28 MP: 2/6
  1821 | D:3      | Found a glowing silver altar of Zin.
  2227 | D:3      | Found a faded altar of an unknown god.
  2249 | D:3      | Found a bloodstained altar of Trog.
  2574 | D:3      | Became a worshipper of the Shining One
  2574 | D:3      | Reached * piety under the Shining One
  2648 | D:4      | You fall through a shaft for 2 floors!
  2736 | D:6      | Reached skill level 4 in Axes
  2736 | D:6      | Reached XP level 6. HP: 32/32 MP: 7/7
  2965 | D:5      | Entered Level 5 of the Dungeon
  2971 | D:5      | Found a blossoming altar of Fedhas.
  3153 | D:4      | Reached XP level 7. HP: 27/36 MP: 6/8
  3166 | D:4      | Found a staircase to the Ecumenical Temple.
  3327 | D:4      | Got a pair of heavily runed boots
  3338 | D:4      | Identified the +0 pair of boots "Gucociuqu" {rPois} (You
                  | found it on level 4 of the Dungeon)
  3987 | D:5      | Reached skill level 1 in Stealth
  3989 | D:5      | Found an iron altar of Okawaru.
  4067 | D:5      | Reached skill level 5 in Axes
  4193 | D:5      | Reached ** piety under the Shining One
  4403 | D:5      | Found a burning altar of Makhleb.
  4658 | D:6      | HP: 1/36 [poisoned by a water moccasin]
  4659 | D:6      | Succumbed to a water moccasin's poison

Skill      XL: |  1  2  3  4  5  6  7 |
---------------+----------------------+-----
Axes           | 2 3 4 5 |  5.3
Shields        | 3 |  3.9
Fighting       | 3 |  3.6
Armour         | 3 4 |  4.5
Stealth        | 1 |  1.9
Dodging        | |  0.6

Action                   |  1- 3 |  4- 6 |  7- 9 || total
-------------------------+-------+-------+-------++-------
Melee: War axe           |    23 |       |       ||    23
       Bite              |    19 |    34 |    24 ||    77
       Hand axe          |    52 |   114 |    61 ||   227
  Use: Scroll            |     5 |     3 |       ||     8
       Potion            |     1 |       |       ||     1
  Eat: Chunk             |       |     6 |     6 ||    12
Armor: Scale mail        |    19 |       |       ||    19
       Chain mail        |    27 |    40 |    21 ||    88
Dodge: Dodged            |    20 |    24 |    15 ||    59
Block: Shield            |    34 |    54 |    30 ||   118
